 Dungeon Crawl Stone Soup version 0.29.1-14-g9c671dbff4 (webtiles) character file.

Game seed: 10941560284893671676

8205 Hrothgar the Cutter (level 11, 0/89 HPs)
             Began as a Red Draconian Brigand on Feb 15, 2023.
             Was an Initiate of Yredelemnul.
             Slain by a wolf spider (15 damage)
             ... on level 1 of the Spider Nest.
             The game lasted 00:50:35 (10134 turns).

Hrothgar the Cutter (Red Draconian Brigand)        Turns: 10134, Time: 00:50:38

Health: 0/89       AC:  8    Str: 16    XL:     11   Next: 6%
Magic:  17/17      EV: 14    Int: 14    God:    Yredelemnul [......]
Gold:   373        SH:  0    Dex: 17    Spells: 15/19 levels left

rFire   + + .      SeeInvis +   I - +6 falchion "Gaplaw" {elec, Drain rF+ Dex+5}
rCold   . . .      Faith    .   (no shield)
rNeg    . . .      Spirit   .   (body armour unavailable)
rPois   +          Reflect  .   (helmet restricted)
rElec   .          Harm     .   b - +0 cloak
rCorr   .          Rampage  .   (no gloves)
Will    .....                   (no boots)
Stlth   +++.......              v - amulet of magic regeneration
HPRegen 0.24/turn               E - ring of see invisible
MPRegen 0.55/turn               p - ring of poison resistance

@: short of breath, hasted, very quick
A: breathe fire, AC +7, unfitting armour, fire resistance 1, cold-blooded
a: Breathe Fire, Renounce Religion, Recall Undead Harvest


You were on level 1 of the Spider Nest.
You worshipped Yredelemnul.
Yredelemnul was noncommittal.
You visited 4 branches of the dungeon, and saw 12 of its levels.
You also visited: Ossuary.

You collected 505 gold pieces.
You spent 132 gold pieces at shops.

Inventory:

Hand Weapons
 a - a +2 dagger
 u - a +4 dagger of electrocution
 I - the +6 falchion "Gaplaw" (weapon) {elec, Drain rF+ Dex+5}
   (You found it on level 7 of the Dungeon)

   It occasionally discharges a powerful burst of electricity upon striking a
   foe.
   Dex:       It affects your dexterity (+5).
   rF:        It protects you from fire.
   Drain:     It drains your maximum health when unequipped.
Missiles
 A - 2 datura-tipped darts (quivered)
 G - 3 boomerangs
Armour
 b - a +0 cloak (worn)
Jewellery
 g - a +4 ring of evasion
 p - a ring of poison resistance (right hand)
 v - an amulet of magic regeneration (around neck)
 y - a ring of resist corrosion
 E - a ring of see invisible (left hand)
 H - a ring of protection from fire
Wands
 d - a wand of mindburst (7)
 w - a wand of polymorph (15)
Scrolls
 e - a scroll of vulnerability
 i - a scroll of enchant armour
 l - a scroll of butterflies {unknown}
 n - a scroll of poison
 o - 2 scrolls of immolation
 r - a scroll of amnesia
 t - 4 scrolls of teleportation
Potions
 c - a potion of cancellation {unknown}
 f - 3 potions of brilliance {unknown}
 h - 2 potions of mutation {unknown}
 k - 2 potions of haste
 m - 3 potions of flight
 q - 5 potions of attraction
 s - a potion of resistance {unknown}
 x - a potion of might {unknown}
 B - a potion of lignification {unknown}
 C - 2 potions of berserk rage {unknown}
 D - a potion of heal wounds {unknown}
 J - a potion of ambrosia {unknown}


   Skills:
 * Level 6.2 Fighting
 * Level 6.7(7.6) Short Blades
 * Level 5.4(7.0) Long Blades
 * Level 4.6 Throwing
 * Level 4.8 Dodging
 * Level 6.4 Stealth
 * Level 4.6 Spellcasting
 * Level 4.3 Hexes
 * Level 3.5 Necromancy
 * Level 4.8 Invocations
 * Level 4.7 Evocations


You had 15 spell levels left.
You knew the following spells:

 Your Spells              Type           Power      Damage    Failure   Level
a - Tukima's Dance        Hex            15%        N/A       9%          3
b - Necrotise             Necr           52%        1d6       4%          1

Your spell library contained the following spells:

 Spells                   Type           Power      Damage    Failure   Level
 Apportation              Tloc           6%         N/A       19%         1
 Summon Small Mammal      Summ           12%        N/A       19%         1
 Passage of Golubria      Tloc           3%         N/A       88%         4
 Yara's Violent Unravell  Hex/Tmut       4%         3d4       90%         5
 Alistair's Intoxication  Tmut/Pois      2%         N/A       99%         5


Dungeon Overview and Level Annotations

Branches:
Dungeon (8/15)             Temple (1/1) D:5            Lair (2/5) D:8
 Spider (1/4) Lair:2      Ossuary (visited)
  Swamp: Lair:2-3    Shoals: Lair:2-3

Altars:
Ashenzari
Cheibriados
Dithmenos
Elyvilon
Fedhas
Gozag
Hepliaklqana
Kikubaaqudgha
Makhleb
Nemelex Xobeh
Okawaru
Qazlal
Ru
Sif Muna
Trog
Uskayaw
Vehumet
Wu Jian
Xom
Yredelemnul
Zin
The Shining One

Shops:
D:6 :

Annotations:
Lair:1 exclusion: oklob plant


Innate Abilities, Weirdness & Mutations

You can breathe blasts of fire.
Your fiery red scales are hard. (AC +7)
You cannot fit into any form of body armour.
Your flesh is heat resistant. (rF+)
You are cold-blooded and may be slowed by cold attacks.


Message History

Your jumping spider zombie pounces on the wolf spider but does no damage.
Your jumping spider zombie bites the wolf spider.
The wolf spider hits your jumping spider zombie.
The wolf spider bites your jumping spider zombie!
Your jumping spider zombie is no longer moving slowly.
The wolf spider hits your jumping spider zombie!!
Your jumping spider zombie is destroyed!
Throw: 3 darts (datura)
Press: ? - help, Q - select action, (/) - cycle Shift-Dir - straight line, f - wolf spider
Aim: a wolf spider (lightly wounded, 65% to hit, chance to frenzy on hit: 27%)
You throw a datura-tipped dart.
The datura-tipped dart hits the wolf spider!
The wolf spider resists.
The wolf spider is lightly wounded.
The wolf spider is engulfed in blazing flames.
You feel yourself speed up. The wolf spider hits you.
The wolf spider bites you. The wolf spider hits you. The wolf spider bites you!
You are poisoned.
The wolf spider poisons you!
The orb spider's many legs skitter faintly.
You slash the wolf spider!
The wolf spider is moderately wounded.
You feel very sick. The wolf spider closely misses you.
The wolf spider bites you.
You hit the wolf spider.
Your tail-slap misses the wolf spider.
Your punch misses the wolf spider.
The wolf spider is moderately wounded.
You feel very sick.
You feel better. The wolf spider hits you!
The wolf spider bites you but does no damage.
The wolf spider hits you! The wolf spider closely misses you.
You closely miss the wolf spider.
The wolf spider is moderately wounded.
You closely miss the wolf spider. You tail-slap the wolf spider.
The wolf spider is moderately wounded.
The wolf spider hits you!!
* * * LOW HITPOINT WARNING * * *
The wolf spider misses you. The wolf spider hits you!
You die...
Your body rises from the dead as a mindless zombie.

...s. ...s..
....# #s.###
#.(### ##
###.s### .#
#....###.#
#ss.....## #
##@......## ####
#........# #...
##.......# #...
##......######...
######..#...#...
#.......#..
#...###..#.
#.#..# ##..#
..##..# ##..


You could see a wolf spider, an orb spider and a jumping spider.

Vanquished Creatures
  A boulder beetle (Lair:1)
  A moth of wrath (Spider:1)
  A cane toad (Lair:2)
  2 komodo dragons (Lair:2)
  A spectral redback (Lair:2)
  A rime drake (Lair:2)
  A hornet (D:8)
  A blink frog (D:5)
  3 jumping spiders
  A yak (D:8)
  2 basilisks
  A steam dragon (D:6)
  4 redbacks (Lair:2)
  Menkaure (D:4)
  2 water moccasins
  2 ice beasts
  A black bear (D:6)
  A centaur (D:7)
  4 bullfrogs
  A komodo dragon zombie (Lair:2)
  3 necrophages
  A gnoll sergeant (D:7)
  A water moccasin zombie (Lair:2)
  A wight (D:8)
  A killer bee (D:3)
  3 centaur zombies (Ossuary)
  2 hounds
  3 jellies
  A bullfrog zombie (Lair:2)
  A gnoll bouda (D:8)
  3 iguanas
  2 orc wizards
  5 mummies (Ossuary)
  8 gnolls
  3 adders
  A white imp (D:5)
  2 ufetubi
  A jelly zombie (D:3)
  A spectral white imp (D:5)
  2 worms
  3 dart slugs
  11 orcs
  13 endoplasms
  5 giant cockroaches
  5 goblins
  4 hobgoblins
  6 jackals
  10 kobolds
  3 quokkas
  2 ball pythons
  2 bats (D:2)
  An endoplasm zombie (D:4)
  6 frilled lizards
  A gnoll zombie (D:7)
  2 goblin zombies (Ossuary)
  2 kobold zombies (Ossuary)
  3 orc zombies
  3 rats
159 creatures vanquished.

Vanquished Creatures (collateral kills)
  A hydra (Lair:1)
  Amaemon (Lair:1)
  An orange demon (Lair:1)
  A komodo dragon (Lair:2)
  A jumping spider (Lair:2)
  A steam dragon (D:6)
  An ogre (D:5)
  A komodo dragon zombie (Lair:2)
  2 bullfrogs
  A necrophage (D:5)
  2 gnolls
  An adder (D:6)
  A shadow imp (D:6)
  A dart slug (D:5)
  An orc (D:3)
  3 endoplasms (D:3)
  A giant cockroach (D:3)
  A hobgoblin (D:3)
  A jackal (D:3)
  2 rats (D:3)
25 creatures vanquished.

Vanquished Creatures (others)
  A jumping spider zombie (Spider:1)
  4 dancing weapons
  2 bullfrog zombies
  A basilisk zombie (Lair:2)
  A hound zombie (D:6)
  2 orc zombies (D:6)
  An iguana zombie (D:6)
  A dart slug zombie (D:3)
  A frilled lizard zombie (D:3)
  2 jackal zombies (D:3)
  A kobold zombie (D:3)
  10 fungi
  7 plants
  12 toadstools (D:3)
46 creatures vanquished.

Grand Total: 230 creatures vanquished

Notes
Turn   | Place    | Note
-------+----------+-------------------------------------------
     0 | D:1      | Hrothgar the Draconian Brigand began the quest for the Orb.
     0 | D:1      | Reached XP level 1. HP: 17/17 MP: 1/1
   190 | D:1      | Reached skill level 1 in Dodging
   190 | D:1      | Reached XP level 2. HP: 24/24 MP: 2/2
   740 | D:2      | Found a faded altar of an unknown god.
   787 | D:2      | Prayed at the altar of an unknown god.
   787 | D:2      | Became a worshipper of Yredelemnul the Dark
   787 | D:2      | Reached * piety under Yredelemnul
  1674 | D:1      | Reached XP level 3. HP: 29/30 MP: 3/3
  2309 | D:3      | Reached XP level 4. HP: 26/37 MP: 4/4
  2431 | D:3      | Reached ** piety under Yredelemnul
  2472 | D:4      | Reached skill level 1 in Evocations
  2508 | D:4      | Learned a level 3 spell: Tukima's Dance
  2587 | D:4      | Found a sand-covered staircase.
  2598 | D:4      | Noticed Menkaure
  2601 | Ossuary  | Entered an ossuary
  2630 | Ossuary  | Reached skill level 1 in Spellcasting
  2796 | Ossuary  | Reached XP level 5. HP: 41/42 MP: 6/6
  2939 | Ossuary  | Reached XP level 6. HP: 44/50 MP: 7/7
  3137 | D:4      | Killed Menkaure
  3138 | D:4      | Reached skill level 1 in Invocations
  3147 | D:4      | Reached skill level 1 in Hexes
  3229 | D:4      | Noticed an ice beast
  3243 | D:4      | Killed an ice beast
  3244 | D:4      | Your scales start taking on a fiery red colour.
  3244 | D:4      | Reached XP level 7. HP: 47/57 MP: 9/9
  3244 | D:4      | Gained mutation: Your flesh is heat resistant. (rF+) [Red
                  | Draconian growth]
  3262 | D:5      | Entered Level 5 of the Dungeon
  3344 | D:5      | Found a staircase to the Ecumenical Temple.
  3357 | Temple   | Entered the Ecumenical Temple
  3357 | Temple   | Found a transporter.
  3357 | Temple   | Found a transporter.
  3359 | Temple   | Found a transporter.
  3359 | Temple   | Found a transporter.
  3518 | D:5      | Noticed a blink frog
  3518 | D:5      | a centaur changed into a blink frog
  3549 | D:5      | Killed a blink frog
  3550 | D:5      | Reached skill level 5 in Stealth
  3785 | D:5      | Reached skill level 5 in Short Blades
  3863 | D:5      | Reached XP level 8. HP: 66/66 MP: 11/11
  4145 | D:6      | Found Inuchys's Book Emporium.
  4161 | D:6      | Bought a book of Cantrips for 132 gold pieces
  4163 | D:6      | Learned a level 1 spell: Necrotise
  4469 | D:6      | Reached skill level 1 in Necromancy
  4508 | D:6      | Found a glowing silver altar of Zin.
  5634 | D:4      | Found a shimmering blue altar of Sif Muna.
  7334 | D:7      | Identified the +6 falchion "Gaplaw" {elec, Drain rF+ Dex+5}
  7454 | D:7      | Found a stormy altar of Qazlal.
  7455 | D:7      | Found an opulent altar of Gozag.
  7455 | D:7      | Found a white marble altar of Elyvilon.
  7613 | D:7      | Reached XP level 9. HP: 56/72 MP: 5/13
  7679 | D:8      | Reached skill level 1 in Long Blades
  7691 | D:8      | Found a staircase to the Lair.
  7693 | D:8      | HP: 2/70 [yak (11)]
  7700 | Lair:1   | Entered Level 1 of the Lair of Beasts
  8055 | Lair:1   | Noticed a boulder beetle
  8069 | Lair:1   | Killed a boulder beetle
  8219 | Lair:1   | Identified the +3 mace of Xotuemmi {holy, Fragile rPois
                  | rCorr Str+3}
  8231 | Lair:1   | Noticed an eight-headed hydra
  8237 | Lair:1   | Noticed an orange demon
  8240 | Lair:1   | Noticed Amaemon
  8240 | Lair:1   | Killed a ten-headed hydra
  8241 | Lair:1   | Reached skill level 5 in Fighting
  8241 | Lair:1   | Reached XP level 10. HP: 27/81 MP: 14/16
  8253 | Lair:1   | Killed Amaemon
  8261 | Lair:1   | Killed an orange demon
  8663 | Lair:1   | Noticed an oklob plant
  8663 | Lair:1   | Found the +8 arc blade {discharge, rElec}
  9506 | Lair:2   | Noticed a cane toad
  9512 | Lair:2   | Killed a cane toad
  9775 | Lair:2   | Found a hole to the Spider Nest.
  9780 | Lair:2   | Reached skill level 5 in Long Blades
  9839 | Spider:1 | Entered Level 1 of the Spider Nest
  9839 | Spider:1 | Noticed a moth of wrath
  9848 | Spider:1 | Killed a moth of wrath
  9849 | Spider:1 | Reached XP level 11. HP: 67/89 MP: 17/17
 10119 | Spider:1 | Noticed an orb spider
 10119 | Spider:1 | Noticed a wolf spider
 10134 | Spider:1 | Slain by a wolf spider

Illustrated notes

Levels and vault maps discovered:
D:1:      dpeg_arrival_windows_large_door, layout_basic
D:2:      layout_basic, serial_glass, glass_columns_a, glass_columns_a,
          glass_columns_c, glass_columns_a, hellmonk_ecumenical_altar_blasted,
          minmay_box_of_dots
D:3:      cheibrodos_fertilizer, layout_basic, minmay_tree_intersection,
          wander_ebering_terrifying_dragon_lair
D:4:      layout_layer_cave, nicolae_sif_muna_little_library,
          nicolae_ossuary_entry_monument, uniq_menkaure
D:5:      layout_loops_cross, temple_fountains
D:6:      wander_river, layout_loops_corners, general_overflow_altar,
          serial_shops, shop, moated_statue, minivault_24
D:7:      layout_loops_corners, gammafunk_temple_overflow_claw
D:8:      minmay_slanted_spiral_squares, layout_basic,
          ebering_dispersal_statue_hall
Temple:   hellmonk_temple_divided_pantheon
Lair:1:   layout_roguey, minmay_lair_oklob_items, uniq_amaemon
Lair:2:   layout_roguey, nicolae_spider_entry_tight_spaces
Spider:1: layout_cave_pods

Skill      XL: |  1  2  3  4  5  6  7  8  9 10 |
---------------+-------------------------------+-----
Dodging        | 1 2 3 4 |  4.8
Stealth        | 4 5 6 |  6.4
Throwing       | 2 3 4 |  4.6
Evocations     | 1 2 3 4 |  4.7
Spellcasting   | 1 2 3 4 |  4.6
Short Blades   | 3 4 5 6 |  6.7
Fighting       | 3 4 5 6 |  6.2
Invocations    | 1 2 3 4 |  4.8
Hexes          | 1 2 3 4 |  4.3
Necromancy     | 1 2 3 |  3.5
Long Blades    | 3 5 |  5.4

Action                   |  1- 3 |  4- 6 |  7- 9 | 10-12 || total
-------------------------+-------+-------+-------+-------++-------
Melee: Dagger            |   100 |   107 |   114 |       ||   321
       Tailslap          |    12 |    18 |    22 |     4 ||    56
       Punch             |     1 |     3 |     3 |       ||     7
       Falchion          |       |       |    39 |    37 ||    76
Throw: Dart              |    19 |     2 |     9 |     2 ||    32
 Cast: Tukima's Dance    |       |       |    20 |       ||    20
       Necrotise         |       |       |     4 |       ||     4
Invok: Recall Undead Har |       |       |     4 |       ||     4
 Abil: Breathe Fire      |       |       |    32 |    10 ||    42
Evoke: Wand              |     2 |    11 |    10 |     1 ||    24
  Use: Scroll            |     3 |    12 |    11 |     1 ||    27
       Potion            |       |       |     4 |     2 ||     6
 Stab: Sleeping          |     7 |     3 |     5 |     2 ||    17
       Paralysed         |     1 |       |       |       ||     1
       Distracted        |       |       |     1 |       ||     1
Armor: Skin              |    18 |    39 |    67 |     6 ||   130
Dodge: Dodged            |    63 |    86 |   161 |    24 ||   334
